ST.LOUIS vs WINNIPEG

Created - February-16-21 at 21:20

Goals
1 2 3 T
ST.LOUIS 1 1 0 2
WINNIPEG 0 1 2 3
Shots
1 2 3 T
ST.LOUIS 4 9 8 21
WINNIPEG 2 12 10 24

1st period

1. ST.LOUIS , Brett Connolly 3 (Carl Soderberg 6, Brenden Dillon 9) at 14:08

Penalties :
Olli Maatta (WPG) for Holding (Minor) at 0:29

2nd period

2. ST.LOUIS , Jaden Schwartz 6 (Darnell Nurse 12, Ryan Johansen 6) at 10:23
3. WINNIPEG , Sidney Crosby 10 (Alex Ovechkin 13, Marcus Pettersson 11) at 11:41

Penalties :
Alexander Edler (WPG) for Slashing (Minor) at 1:00, Tyler Toffoli (WPG) for Hooking (Minor) at 17:56

3rd period

4. WINNIPEG , Patrick Kane 10 (Alexander Edler 13, Tyler Toffoli 7) at 4:54
5. WINNIPEG , Chris Tanev 2 (Tyler Toffoli 8, Patrick Kane 19) at 18:03

Penalties :
Alexander Edler (WPG) for Goalie Interference (Minor) at 13:02

Goalie Stats

Carter Hutton (STL), 21 saves from 24 shots - (0.875), L, 10-14-0, 59:16 minutes
Connor Hellebuyck (WPG), 19 saves from 21 shots - (0.905), W, 9-6-1, 60:00 minutes

Players Stats for ST.LOUIS

Player Name              G  A  P  +/- PIM S  H  SB GA TA FO     MP     PP MP  PK MP  
------------------------------------------------------------------------------------
Adam Fox                 0  0  0  -1  0   0  0  0  0  0  0/0    16:13   0:18   0:00 
Andy Greene              0  0  0   0  0   0  1  1  0  0  0/0    23:12   3:49   0:00 
Blake Lizotte            0  0  0   0  0   0  0  0  0  0  0/0     0:00   0:00   0:00 
Brayden McNabb           0  0  0   0  0   1  1  1  0  0  0/0    20:35   3:49   0:00 
Brenden Dillon           0  1  1   0  0   0  4  1  0  0  0/0    20:35   3:49   0:00 
Brett Connolly           1  0  1   0  0   1  1  0  0  0  0/0    13:34   0:00   0:00 
Brett Howden             0  0  0  -1  0   0  0  0  0  0  1/4     6:23   0:00   0:00 
Carl Soderberg           0  1  1   0  0   3  2  0  0  0  6/16   13:34   0:00   0:00 
Darnell Nurse            0  1  1   0  0   2  2  1  0  0  0/0    23:12   3:49   0:00 
Eric Fehr                0  0  0   0  0   0  0  0  0  0  0/0     0:00   0:00   0:00 
Jaden Schwartz           1  0  1   1  0   2  2  1  0  0  0/0    19:23   4:22   0:00 
James Neal               0  0  0  -1  0   1  0  0  0  0  0/2    20:40   3:34   0:00 
Johnny Gaudreau          0  0  0  -1  0   4  0  0  0  0  0/1    20:40   3:34   0:00 
Joonas Donskoi           0  0  0   0  0   1  0  0  0  0  0/2    13:34   0:00   0:00 
Kevin Labanc             0  0  0   1  0   1  2  0  0  0  0/0    19:23   4:22   0:00 
Neal Pionk               0  0  0  -1  0   0  2  1  0  0  0/0    16:13   0:18   0:00 
Ryan Getzlaf             0  0  0  -1  0   2  2  0  0  0  15/23  20:40   3:34   0:00 
Ryan Johansen            0  1  1   1  0   3  3  1  0  0  7/21   19:23   4:22   0:00 
Sam Gagner               0  0  0  -1  0   0  1  0  0  0  0/0     6:23   0:00   0:00 
Tim Schaller             0  0  0  -1  0   0  0  0  0  0  0/0     6:23   0:00   0:00 

Players Stats for WINNIPEG

Player Name              G  A  P  +/- PIM S  H  SB GA TA FO     MP     PP MP  PK MP  
------------------------------------------------------------------------------------
Alex Ovechkin            0  1  1   1  0   3  4  1  0  0  0/1    20:31   0:00   0:00 
Alexander Edler          0  1  1   0  4   1  5  1  0  0  0/0    21:59   0:00   2:17 
Antoine Roussel          0  0  0  -1  0   1  1  0  0  0  1/3    14:14   0:00   1:10 
Chris Tanev              1  0  1   2  0   1  0  0  0  0  0/0    20:58   0:00   3:26 
Dan Hamhuis              0  0  0   0  0   0  0  0  0  0  0/0     4:36   0:00   2:07 
Drew O'Connor            0  0  0   0  0   0  0  0  0  0  0/1     2:08   0:00   0:23 
J.T. Miller              0  0  0   1  0   4  3  0  0  0  1/3    17:44   0:00   2:57 
Jay Beagle               0  0  0   1  0   2  0  0  0  0  18/28  21:02   0:00   4:18 
Justin Braun             0  0  0  -1  0   0  3  0  0  0  0/0    19:35   0:00   4:24 
Loui Eriksson            0  0  0   0  0   0  0  0  0  0  0/0     7:14   0:00   0:00 
Marcus Pettersson        0  1  1   2  0   0  2  0  0  0  0/0    19:42   0:00   3:32 
Nic Dowd                 0  0  0  -1  0   1  0  1  0  0  7/9    13:53   0:00   0:00 
Olli Maatta              0  0  0   0  2   0  0  0  0  0  0/0    17:41   0:00   0:00 
Oscar Fantenberg         0  0  0  -1  0   0  4  1  0  0  0/0    15:26   0:00   0:06 
Patrick Kane             1  1  2   1  0   8  1  0  0  0  0/0    16:10   0:00   0:00 
Sidney Crosby            1  0  1   1  0   2  1  0  0  0  10/17  14:56   0:00   0:09 
Tyler Motte              0  0  0  -1  0   0  0  0  0  0  0/2    18:29   0:00   4:36 
Tyler Toffoli            0  2  2   1  2   1  1  1  0  0  1/2    18:28   0:00   2:19 
Zack MacEwen             0  0  0   0  0   0  0  0  0  0  2/3     7:14   0:00   0:00 

3 Stars

1 - Patrick Kane (WPG)
2 - Chris Tanev (WPG)
3 - Sidney Crosby (WPG)

Power Play

ST.LOUIS - 0 on 4 Attempt(s) - 0.00%
WINNIPEG - 0 on 0 Attempt(s) - 0.00%

Penalty Kill

ST.LOUIS - 0 on 0 Attempt(s) - 0.00% - Score 0 goal in Penalty Kill
WINNIPEG - 4 on 4 Attempt(s) - 100.00% - Score 0 goal in Penalty Kill

Team Stat

ST.LOUIS - Hits : 23 - Faceoff Wins : 29 - Blocked Shots : 7 - Penalty Minutes : 0
WINNIPEG - Hits : 25 - Faceoff Wins : 40 - Blocked Shots : 5 - Penalty Minutes : 8

Official

Referees : Mike Campbell and Pierre Lambert
Linesman : Brad Kovachik and Ken Bonham

Game Notes

No Game Note

Finance

Level 1 -- Attendance: 5524 (92.07%) -- Ticket Income $475,064
Level 2 -- Attendance: 4426 (88.52%) -- Ticket Income $225,726
Level 3 -- Attendance: 2000 (100.00%) -- Ticket Income $2,000
Level 4 -- Attendance: 3833 (95.83%) -- Ticket Income $61,328
Luxury Box -- Attendance: 911 (91.10%) -- Ticket Income $158,514
Game was played at the MTS Centre.
Total Attendance: 16694 (92.74%)
Total Ticket Income: $922,632
Total Income: $922,632

ST.LOUIS

5 vs 5 Forward 
   Center                   Left Wing                Right Wing               Time % Phy DF OF 
 1 Ryan Getzlaf             Johnny Gaudreau          James Neal               35     1   2  2  
 2 Ryan Johansen            Jaden Schwartz           Kevin Labanc             30     1   2  2  
 3 Carl Soderberg           Joonas Donskoi           Brett Connolly           25     1   2  2  
 4 Brett Howden             Tim Schaller             Sam Gagner               10     1   2  2  

5 vs 5 Defense 
   Defense                  Defense                                           Time % Phy DF OF 
 1 Darnell Nurse            Andy Greene                                       35     1   2  2  
 2 Brayden McNabb           Brenden Dillon                                    30     1   2  2  
 3 Neal Pionk               Adam Fox                                          25     1   2  2  
 4 Darnell Nurse            Andy Greene                                       10     1   2  2  

PowerPlay Forward 
   Center                   Left Wing                Right Wing               Time % Phy DF OF 
 1 Ryan Getzlaf             Johnny Gaudreau          James Neal               60     1   2  2  
 2 Ryan Johansen            Jaden Schwartz           Kevin Labanc             40     1   2  2  

PowerPlay Defense
   Defense                  Defense                                           Time % Phy DF OF 
 1 Darnell Nurse            Andy Greene                                       60     1   2  2  
 2 Brayden McNabb           Brenden Dillon                                    40     1   2  2  

Penalty Kill 4 Players Forward 
   Center                   Wing                     Time % Phy DF OF 
 1 Johnny Gaudreau          Ryan Getzlaf             60     1   2  2  
 2 Jaden Schwartz           Ryan Johansen            40     1   2  2  

Penalty Kill 4 Players Defense
   Defense                  Defense                  Time % Phy DF OF 
 1 Darnell Nurse            Andy Greene              60     1   2  2  
 2 Brayden McNabb           Brenden Dillon           40     1   2  2  

Penalty Kill - 3 Players Forward 
   Forward                                           Time % Phy DF OF 
 1 Johnny Gaudreau                                   60     1   2  2  
 2 Ryan Getzlaf                                      40     1   2  2  

Penalty Kill - 3 Players Defense
   Defense                  Defense                  Time % Phy DF OF 
 1 Darnell Nurse            Andy Greene              60     1   2  2  
 2 Brayden McNabb           Brenden Dillon           40     1   2  2  

4 vs 4 Forward 
   Center                   Wing                     Time % Phy DF OF 
 1 Johnny Gaudreau          Ryan Getzlaf             60     1   2  2  
 2 Jaden Schwartz           Ryan Johansen            40     1   2  2  

4 vs 4 Defense
   Defense                  Defense                  Time % Phy DF OF 
 1 Darnell Nurse            Andy Greene              60     1   2  2  
 2 Brayden McNabb           Brenden Dillon           40     1   2  2  

Last Minutes Offensive
   Center                   Left Wing                Right Wing               Defense                  Defense                  
   Ryan Getzlaf             Johnny Gaudreau          James Neal               Darnell Nurse            Andy Greene              

Last Minutes Defensive
   Center                   Left Wing                Right Wing               Defense                  Defense                  
   Ryan Getzlaf             Johnny Gaudreau          James Neal               Darnell Nurse            Andy Greene              

Goaltenders
Starting : Carter Hutton            
Backup : Elvis Merzlikins         

Extra Forwards
Normal : Eric Fehr, Blake Lizotte, Carl Soderberg - PP : Eric Fehr, Blake Lizotte - PK : Carl Soderberg
Extra Defensemen
Normal : Neal Pionk, Adam Fox, Brayden McNabb - PP : Neal Pionk - PK : Adam Fox, Brayden McNabb
Penalty Shots
Johnny Gaudreau, Ryan Getzlaf, Jaden Schwartz, Ryan Johansen, Carl Soderberg

Scratches
STL Cap Hit (Suspend), Nick Ritchie (Healthy)

WINNIPEG

5 vs 5 Forward 
   Center                   Left Wing                Right Wing               Time % Phy DF OF 
 1 Jay Beagle               Patrick Kane             Tyler Toffoli            41     1   2  2  
 2 Sidney Crosby            Alex Ovechkin            J.T. Miller              40     1   2  2  
 3 Nic Dowd                 Antoine Roussel          Tyler Motte              15     1   3  1  
 4 Zack MacEwen             Loui Eriksson            Alex Ovechkin            4      1   2  2  

5 vs 5 Defense 
   Defense                  Defense                                           Time % Phy DF OF 
 1 Alexander Edler          Olli Maatta                                       35     1   2  2  
 2 Chris Tanev              Marcus Pettersson                                 33     1   2  2  
 3 Oscar Fantenberg         Justin Braun                                      22     1   2  2  
 4 Alexander Edler          Chris Tanev                                       10     1   2  2  

PowerPlay Forward 
   Center                   Left Wing                Right Wing               Time % Phy DF OF 
 1 Sidney Crosby            Alex Ovechkin            Tyler Toffoli            60     0   2  3  
 2 Jay Beagle               Patrick Kane             J.T. Miller              40     0   2  3  

PowerPlay Defense
   Defense                  Defense                                           Time % Phy DF OF 
 1 Alexander Edler          Justin Braun                                      60     0   2  3  
 2 Chris Tanev              Marcus Pettersson                                 40     1   2  2  

Penalty Kill 4 Players Forward 
   Center                   Wing                     Time % Phy DF OF 
 1 Jay Beagle               Tyler Motte              60     0   3  2  
 2 J.T. Miller              Tyler Toffoli            40     0   3  2  

Penalty Kill 4 Players Defense
   Defense                  Defense                  Time % Phy DF OF 
 1 Alexander Edler          Justin Braun             60     1   4  0  
 2 Chris Tanev              Marcus Pettersson        40     1   4  0  

Penalty Kill - 3 Players Forward 
   Forward                                           Time % Phy DF OF 
 1 Jay Beagle                                        60     1   2  2  
 2 Tyler Motte                                       40     1   2  2  

Penalty Kill - 3 Players Defense
   Defense                  Defense                  Time % Phy DF OF 
 1 Alexander Edler          Olli Maatta              60     1   4  0  
 2 Chris Tanev              Marcus Pettersson        40     1   4  0  

4 vs 4 Forward 
   Center                   Wing                     Time % Phy DF OF 
 1 J.T. Miller              Patrick Kane             60     1   2  2  
 2 Sidney Crosby            Alex Ovechkin            40     1   2  2  

4 vs 4 Defense
   Defense                  Defense                  Time % Phy DF OF 
 1 Alexander Edler          Justin Braun             60     1   2  2  
 2 Chris Tanev              Marcus Pettersson        40     1   2  2  

Last Minutes Offensive
   Center                   Left Wing                Right Wing               Defense                  Defense                  
   Sidney Crosby            Alex Ovechkin            J.T. Miller              Patrick Kane             Tyler Toffoli            

Last Minutes Defensive
   Center                   Left Wing                Right Wing               Defense                  Defense                  
   Jay Beagle               Tyler Motte              Nic Dowd                 Alexander Edler          Chris Tanev              

Goaltenders
Starting : Connor Hellebuyck        
Backup : Louis Domingue           

Extra Forwards
Normal : Drew O'Connor, Loui Eriksson, Antoine Roussel - PP : Antoine Roussel, Loui Eriksson - PK : Antoine Roussel
Extra Defensemen
Normal : Oscar Fantenberg, Dan Hamhuis, Chris Tanev - PP : Oscar Fantenberg - PK : Dan Hamhuis, Chris Tanev
Penalty Shots
Alex Ovechkin, Patrick Kane, Sidney Crosby, J.T. Miller, Tyler Toffoli

Scratches
None


% Time on Ice - ST.LOUIS

Lines # - Real PCT - Wanted PCT - Time Play
Normal Forward
1 - 32% - 35% - 16:17
2 - 29% - 30% - 15:01
3 - 26% - 25% - 13:34
4 - 12% - 10% - 6:23
Normal Defense
1 - 32% - 35% - 16:19
2 - 33% - 30% - 16:46
3 - 31% - 25% - 15:55
4 - 4% - 10% - 2:15
PP Forward
1 - 45% - 60% - 3:34
2 - 55% - 40% - 4:22
PP Defense
1 - 52% - 60% - 4:07
2 - 48% - 40% - 3:49
PK Forward
1 - 0% - 60%
2 - 0% - 40%
PK Defense
1 - 0% - 60%
2 - 0% - 40%
PK3 Forward
1 - 0% - 60%
2 - 0% - 40%
PK3 Defense
1 - 0% - 60%
2 - 0% - 40%
44 Forward
1 - 0% - 60%
2 - 0% - 40%
44 Defense
1 - 0% - 60%
2 - 0% - 40%
Last Minute Offensive  - 0:49
Last Minute Defensive  - 0:00
Total
Forward - 60:00
Defense - 60:00

% Time on Ice - WINNIPEG

Lines # - Real PCT - Wanted PCT - Time Play
Normal Forward
1 - 32% - 41% - 16:10
2 - 29% - 40% - 14:47
3 - 25% - 15% - 13:04
4 - 14% - 4% - 7:14
Normal Defense
1 - 36% - 35% - 18:24
2 - 32% - 33% - 16:10
3 - 28% - 22% - 14:23
4 - 4% - 10% - 2:18
PP Forward
1 - 0% - 60%
2 - 0% - 40%
PP Defense
1 - 0% - 60%
2 - 0% - 40%
PK Forward
1 - 63% - 60% - 4:59
2 - 37% - 40% - 2:57
PK Defense
1 - 59% - 60% - 4:42
2 - 41% - 40% - 3:14
PK3 Forward
1 - 0% - 60%
2 - 0% - 40%
PK3 Defense
1 - 0% - 60%
2 - 0% - 40%
44 Forward
1 - 0% - 60%
2 - 0% - 40%
44 Defense
1 - 0% - 60%
2 - 0% - 40%
Last Minute Offensive  - 0:00
Last Minute Defensive  - 0:49
Total
Forward - 60:00
Defense - 60:00

Play-by-Play

1st period


0:01 of 1st period - Ryan Getzlaf wins face-off versus Jay Beagle in neutral zone.
0:09 of 1st period - Patrick Kane is hit by Darnell Nurse and loses puck.
0:28 of 1st period - Johnny Gaudreau is hit by Alexander Edler.
0:29 of 1st period - Minor Penalty to Olli Maatta for Holding.
0:30 of 1st period - Jay Beagle wins face-off versus Ryan Johansen in WINNIPEG zone.
1:00 of 1st period - Jaden Schwartz is hit by Alexander Edler.
1:06 of 1st period - Shot by Kevin Labanc.
1:06 of 1st period - Shot Misses the Net.
1:08 of 1st period - Shot by Ryan Johansen.
1:08 of 1st period - Stopped by Connor Hellebuyck without a rebound.
1:09 of 1st period - Ryan Getzlaf wins face-off versus J.T. Miller in WINNIPEG zone.
1:28 of 1st period - Shot by Johnny Gaudreau.
1:28 of 1st period - Stopped by Connor Hellebuyck without a rebound.
1:29 of 1st period - J.T. Miller wins face-off versus Ryan Getzlaf in WINNIPEG zone.
2:31 of 1st period - Icing by Marcus Pettersson.
2:32 of 1st period - Zack MacEwen wins face-off versus Carl Soderberg in WINNIPEG zone.
2:32 of 1st period - Zack MacEwen is hit by Carl Soderberg.
3:35 of 1st period - Justin Braun is hit by Jaden Schwartz and loses puck.
3:52 of 1st period - Oscar Fantenberg is hit by Ryan Johansen and loses puck.
4:09 of 1st period - Off-side.
4:10 of 1st period - Ryan Getzlaf wins face-off versus Jay Beagle in neutral zone.
5:25 of 1st period - Alex Ovechkin is hit by Neal Pionk and loses puck.
5:36 of 1st period - Shot by J.T. Miller.
5:36 of 1st period - Stopped by Carter Hutton without a rebound.
5:37 of 1st period - Zack MacEwen wins face-off versus Ryan Johansen in ST.LOUIS zone.
5:37 of 1st period - Zack MacEwen is hit by Brenden Dillon.
5:45 of 1st period - Icing by Kevin Labanc.
5:46 of 1st period - Nic Dowd wins face-off versus Ryan Johansen in ST.LOUIS zone.
5:46 of 1st period - Nic Dowd is hit by Brenden Dillon.
6:12 of 1st period - Shot by Antoine Roussel.
6:12 of 1st period - Shot Misses the Net.
6:16 of 1st period - Shot by Nic Dowd.
6:16 of 1st period - Shot Misses the Net.
6:20 of 1st period - Shot by Tyler Motte.
6:20 of 1st period - Deflect By Nic Dowd.
6:20 of 1st period - Shot Blocked by Brenden Dillon.
6:25 of 1st period - Icing by Brayden McNabb.
6:26 of 1st period - Sidney Crosby wins face-off versus Ryan Johansen in ST.LOUIS zone.
6:26 of 1st period - Sidney Crosby is hit by Brayden McNabb.
7:00 of 1st period - Shot by Johnny Gaudreau.
7:00 of 1st period - Stopped by Connor Hellebuyck with a rebound.
7:09 of 1st period - Icing by Justin Braun.
7:10 of 1st period - Sidney Crosby wins face-off versus Carl Soderberg in WINNIPEG zone.
7:10 of 1st period - Sidney Crosby is hit by Carl Soderberg.
7:41 of 1st period - Shot by Adam Fox.
7:41 of 1st period - Shot Blocked by Alexander Edler.
7:46 of 1st period - Brett Connolly is hit by Alexander Edler and loses puck.
9:33 of 1st period - Shot by Patrick Kane.
9:33 of 1st period - Stopped by Carter Hutton without a rebound.
9:34 of 1st period - Carl Soderberg wins face-off versus Jay Beagle in ST.LOUIS zone.
10:30 of 1st period - Icing by Carl Soderberg.
10:31 of 1st period - Sidney Crosby wins face-off versus Carl Soderberg in ST.LOUIS zone.
11:10 of 1st period - Shot by Alex Ovechkin.
11:10 of 1st period - Deflect By J.T. Miller.
11:10 of 1st period - Shot Misses the Net.
11:39 of 1st period - Icing by Justin Braun.
11:40 of 1st period - Ryan Getzlaf wins face-off versus Tyler Motte in WINNIPEG zone.
11:46 of 1st period - James Neal is hit by Oscar Fantenberg and loses puck.
12:08 of 1st period - Johnny Gaudreau is hit by Oscar Fantenberg and loses puck.
12:28 of 1st period - Icing by Oscar Fantenberg.
12:29 of 1st period - Brett Howden wins face-off versus Nic Dowd in WINNIPEG zone.
12:37 of 1st period - Sam Gagner is hit by Oscar Fantenberg and loses puck.
13:04 of 1st period - Shot by Brett Howden.
13:04 of 1st period - Shot Blocked by Nic Dowd.
13:19 of 1st period - Jaden Schwartz is hit by Oscar Fantenberg and loses puck.
14:04 of 1st period - Shot by Brett Connolly.
14:04 of 1st period - Shot Misses the Net.
14:06 of 1st period - Shot by Brenden Dillon.
14:06 of 1st period - Shot Misses the Net.
14:08 of 1st period - Shot by Carl Soderberg.
14:08 of 1st period - Deflect By Brett Connolly.
14:08 of 1st period - Goal by Brett Connolly - ST.LOUIS : 1 - WINNIPEG : 0.
14:09 of 1st period - Ryan Getzlaf wins face-off versus Sidney Crosby in neutral zone.
14:09 of 1st period - Brayden McNabb is hit by J.T. Miller and loses puck.
14:18 of 1st period - Brayden McNabb is hit by J.T. Miller.
15:23 of 1st period - Icing by Andy Greene.
15:24 of 1st period - Carl Soderberg wins face-off versus Alex Ovechkin in ST.LOUIS zone.
15:24 of 1st period - Carl Soderberg is hit by Alex Ovechkin.
16:41 of 1st period - Shot by Jaden Schwartz.
16:41 of 1st period - Shot Misses the Net.
16:43 of 1st period - Shot by Jaden Schwartz.
16:43 of 1st period - Deflect By Ryan Johansen.
16:43 of 1st period - Shot Misses the Net.
16:45 of 1st period - Shot by Adam Fox.
16:45 of 1st period - Shot Blocked by Tyler Toffoli.
16:47 of 1st period - Shot by Ryan Johansen.
16:47 of 1st period - Shot Misses the Net.
16:56 of 1st period - Icing by Olli Maatta.
16:57 of 1st period - Jay Beagle wins face-off versus Ryan Getzlaf in WINNIPEG zone.
17:59 of 1st period - Icing by Justin Braun.
18:00 of 1st period - Ryan Johansen wins face-off versus Zack MacEwen in WINNIPEG zone.
18:12 of 1st period - Jaden Schwartz is hit by Justin Braun and loses puck.
19:20 of 1st period - Brett Howden is hit by Marcus Pettersson and loses puck.
19:27 of 1st period - Shot by Andy Greene.
19:27 of 1st period - Shot Misses the Net.
Goals for this period are 1 for ST.LOUIS vs 0 for WINNIPEG.
Shots for this period are 4 for ST.LOUIS vs 2 for WINNIPEG.

2nd period


0:01 of 2nd period - Ryan Getzlaf wins face-off versus Sidney Crosby in neutral zone.
0:21 of 2nd period - Johnny Gaudreau is hit by Sidney Crosby.
0:25 of 2nd period - Shot by Johnny Gaudreau.
0:25 of 2nd period - Stopped by Connor Hellebuyck without a rebound.
0:26 of 2nd period - Jay Beagle wins face-off versus Ryan Johansen in WINNIPEG zone.
0:26 of 2nd period - Jay Beagle is hit by Kevin Labanc.
0:38 of 2nd period - Shot by Jay Beagle.
0:38 of 2nd period - Stopped by Carter Hutton without a rebound.
0:39 of 2nd period - Carl Soderberg wins face-off versus Sidney Crosby in ST.LOUIS zone.
0:41 of 2nd period - Icing by Adam Fox.
0:42 of 2nd period - Sidney Crosby wins face-off versus Carl Soderberg in ST.LOUIS zone.
0:47 of 2nd period - Shot by J.T. Miller.
0:47 of 2nd period - Stopped by Carter Hutton with a rebound.
1:00 of 2nd period - Minor Penalty to Alexander Edler for Slashing.
1:01 of 2nd period - Jay Beagle wins face-off versus Ryan Getzlaf in WINNIPEG zone.
1:12 of 2nd period - Tyler Motte is hit by Ryan Getzlaf and loses puck.
1:35 of 2nd period - Shot by Darnell Nurse.
1:35 of 2nd period - Stopped by Connor Hellebuyck without a rebound.
1:36 of 2nd period - Jay Beagle wins face-off versus Ryan Johansen in WINNIPEG zone.
1:45 of 2nd period - Shot by Brayden McNabb.
1:45 of 2nd period - Stopped by Connor Hellebuyck without a rebound.
1:46 of 2nd period - Jay Beagle wins face-off versus Ryan Johansen in WINNIPEG zone.
4:10 of 2nd period - Shot by Patrick Kane.
4:10 of 2nd period - Stopped by Carter Hutton without a rebound.
4:11 of 2nd period - Nic Dowd wins face-off versus Ryan Getzlaf in ST.LOUIS zone.
4:13 of 2nd period - Antoine Roussel is hit by Darnell Nurse and loses puck.
5:12 of 2nd period - Icing by Brenden Dillon.
5:13 of 2nd period - Ryan Johansen wins face-off versus Sidney Crosby in ST.LOUIS zone.
5:13 of 2nd period - Ryan Johansen is hit by Alex Ovechkin.
5:47 of 2nd period - Shot by Alex Ovechkin.
5:47 of 2nd period - Stopped by Carter Hutton without a rebound.
5:48 of 2nd period - Tyler Toffoli wins face-off versus Carl Soderberg in ST.LOUIS zone.
5:52 of 2nd period - Icing by Neal Pionk.
5:53 of 2nd period - Carl Soderberg wins face-off versus Tyler Toffoli in ST.LOUIS zone.
5:53 of 2nd period - Carl Soderberg is hit by Tyler Toffoli.
6:06 of 2nd period - Icing by Neal Pionk.
6:07 of 2nd period - Sidney Crosby wins face-off versus Carl Soderberg in ST.LOUIS zone.
6:08 of 2nd period - Shot by J.T. Miller.
6:08 of 2nd period - Stopped by Carter Hutton without a rebound.
6:09 of 2nd period - Ryan Getzlaf wins face-off versus J.T. Miller in ST.LOUIS zone.
6:09 of 2nd period - Ryan Getzlaf is hit by Alex Ovechkin.
7:09 of 2nd period - Shot by Jaden Schwartz.
7:09 of 2nd period - Shot Hit the Post.
7:11 of 2nd period - Shot by Brenden Dillon.
7:11 of 2nd period - Shot Misses the Net.
7:13 of 2nd period - Shot by Kevin Labanc.
7:13 of 2nd period - Shot Misses the Net.
7:15 of 2nd period - Shot by Ryan Johansen.
7:15 of 2nd period - Shot Misses the Net.
7:49 of 2nd period - Shot by Patrick Kane.
7:49 of 2nd period - Deflect By Tyler Toffoli.
7:49 of 2nd period - Stopped by Carter Hutton without a rebound.
7:50 of 2nd period - Nic Dowd wins face-off versus Brett Howden in ST.LOUIS zone.
8:42 of 2nd period - Icing by Andy Greene.
8:43 of 2nd period - Ryan Getzlaf wins face-off versus Jay Beagle in ST.LOUIS zone.
8:53 of 2nd period - Icing by Alexander Edler.
8:54 of 2nd period - Jay Beagle wins face-off versus Ryan Johansen in WINNIPEG zone.
9:08 of 2nd period - Tyler Toffoli is hit by Brenden Dillon and loses puck.
9:21 of 2nd period - Shot by Tyler Toffoli.
9:21 of 2nd period - Deflect By Patrick Kane.
9:21 of 2nd period - Shot Blocked by Brayden McNabb.
9:27 of 2nd period - Shot by Patrick Kane.
9:27 of 2nd period - Stopped by Carter Hutton without a rebound.
9:28 of 2nd period - Sidney Crosby wins face-off versus Ryan Getzlaf in ST.LOUIS zone.
9:55 of 2nd period - Shot by Alex Ovechkin.
9:55 of 2nd period - Stopped by Carter Hutton without a rebound.
9:56 of 2nd period - Carl Soderberg wins face-off versus Antoine Roussel in ST.LOUIS zone.
10:19 of 2nd period - Shot by Carl Soderberg.
10:19 of 2nd period - Stopped by Connor Hellebuyck without a rebound.
10:20 of 2nd period - Ryan Johansen wins face-off versus Jay Beagle in WINNIPEG zone.
10:23 of 2nd period - Shot by Jaden Schwartz.
10:23 of 2nd period - Goal by Jaden Schwartz - ST.LOUIS : 2 - WINNIPEG : 0.
10:24 of 2nd period - Jay Beagle wins face-off versus Johnny Gaudreau in neutral zone.
11:27 of 2nd period - Icing by Alex Ovechkin.
11:28 of 2nd period - Sidney Crosby wins face-off versus Carl Soderberg in WINNIPEG zone.
11:41 of 2nd period - Shot by Alex Ovechkin.
11:41 of 2nd period - Deflect By Sidney Crosby.
11:41 of 2nd period - Goal by Sidney Crosby - ST.LOUIS : 2 - WINNIPEG : 1.
11:42 of 2nd period - Nic Dowd wins face-off versus Ryan Johansen in neutral zone.
11:42 of 2nd period - Nic Dowd is hit by Ryan Johansen.
12:00 of 2nd period - Shot by Ryan Johansen.
12:00 of 2nd period - Stopped by Connor Hellebuyck without a rebound.
12:01 of 2nd period - Ryan Getzlaf wins face-off versus Sidney Crosby in WINNIPEG zone.
12:13 of 2nd period - Off-side.
12:14 of 2nd period - Ryan Johansen wins face-off versus Jay Beagle in neutral zone.
12:14 of 2nd period - Kevin Labanc is hit by Patrick Kane and loses puck.
12:30 of 2nd period - Brenden Dillon is hit by Alexander Edler and loses puck.
12:42 of 2nd period - Shot by Olli Maatta.
12:42 of 2nd period - Shot Misses the Net.
12:44 of 2nd period - Shot by Patrick Kane.
12:44 of 2nd period - Stopped by Carter Hutton without a rebound.
12:45 of 2nd period - Ryan Getzlaf wins face-off versus Sidney Crosby in ST.LOUIS zone.
12:54 of 2nd period - Icing by Marcus Pettersson.
12:55 of 2nd period - Sidney Crosby wins face-off versus Carl Soderberg in WINNIPEG zone.
14:05 of 2nd period - Shot by Patrick Kane.
14:05 of 2nd period - Shot Misses the Net.
14:29 of 2nd period - Shot by James Neal.
14:29 of 2nd period - Stopped by Connor Hellebuyck without a rebound.
14:30 of 2nd period - Ryan Johansen wins face-off versus Nic Dowd in WINNIPEG zone.
14:30 of 2nd period - Ryan Johansen is hit by Justin Braun.
14:48 of 2nd period - Neal Pionk is hit by Antoine Roussel and loses puck.
14:55 of 2nd period - Shot by Nic Dowd.
14:55 of 2nd period - Shot Misses the Net.
14:57 of 2nd period - Shot by Justin Braun.
14:57 of 2nd period - Shot Misses the Net.
14:59 of 2nd period - Shot by Nic Dowd.
14:59 of 2nd period - Shot Misses the Net.
15:01 of 2nd period - Shot by Tyler Motte.
15:01 of 2nd period - Shot Blocked by Neal Pionk.
15:16 of 2nd period - Icing by Tyler Motte.
15:17 of 2nd period - Ryan Getzlaf wins face-off versus Tyler Motte in WINNIPEG zone.
15:45 of 2nd period - Johnny Gaudreau is hit by Alexander Edler and loses puck.
16:33 of 2nd period - Shot by Patrick Kane.
16:33 of 2nd period - Stopped by Carter Hutton with a rebound.
17:06 of 2nd period - Darnell Nurse is hit by Alex Ovechkin and loses puck.
17:11 of 2nd period - Chris Tanev is hit by Sam Gagner and loses puck.
17:28 of 2nd period - Shot by Kevin Labanc.
17:28 of 2nd period - Stopped by Connor Hellebuyck without a rebound.
17:29 of 2nd period - Antoine Roussel wins face-off versus Joonas Donskoi in WINNIPEG zone.
17:48 of 2nd period - Icing by Neal Pionk.
17:49 of 2nd period - Jay Beagle wins face-off versus Carl Soderberg in ST.LOUIS zone.
17:50 of 2nd period - Shot by Patrick Kane.
17:50 of 2nd period - Stopped by Carter Hutton without a rebound.
17:51 of 2nd period - Jay Beagle wins face-off versus Ryan Johansen in ST.LOUIS zone.
17:51 of 2nd period - Jay Beagle is hit by Andy Greene.
17:56 of 2nd period - Minor Penalty to Tyler Toffoli for Hooking.
17:57 of 2nd period - Ryan Getzlaf wins face-off versus Jay Beagle in WINNIPEG zone.
18:30 of 2nd period - Shot by Brayden McNabb.
18:30 of 2nd period - Shot Misses the Net.
18:40 of 2nd period - Brenden Dillon is hit by J.T. Miller.
19:00 of 2nd period - Alexander Edler is hit by Ryan Johansen.
19:24 of 2nd period - Shot by Jaden Schwartz.
19:24 of 2nd period - Stopped by Connor Hellebuyck without a rebound.
19:25 of 2nd period - Ryan Getzlaf wins face-off versus Jay Beagle in WINNIPEG zone.
19:25 of 2nd period - Ryan Getzlaf is hit by Marcus Pettersson.
19:27 of 2nd period - Shot by Johnny Gaudreau.
19:27 of 2nd period - Shot Misses the Net.
19:46 of 2nd period - Off-side.
19:47 of 2nd period - Jay Beagle wins face-off versus Ryan Johansen in neutral zone.
Goals for this period are 1 for ST.LOUIS vs 1 for WINNIPEG.
Shots for this period are 9 for ST.LOUIS vs 12 for WINNIPEG.

3rd period


0:01 of 3rd period - Jay Beagle wins face-off versus James Neal in neutral zone.
1:06 of 3rd period - Shot by J.T. Miller.
1:06 of 3rd period - Deflect By Sidney Crosby.
1:06 of 3rd period - Stopped by Carter Hutton without a rebound.
1:07 of 3rd period - Nic Dowd wins face-off versus Carl Soderberg in ST.LOUIS zone.
1:10 of 3rd period - Shot by Antoine Roussel.
1:10 of 3rd period - Stopped by Carter Hutton without a rebound.
1:11 of 3rd period - Sidney Crosby wins face-off versus Ryan Johansen in ST.LOUIS zone.
1:37 of 3rd period - Shot by Sidney Crosby.
1:37 of 3rd period - Shot Blocked by Jaden Schwartz.
2:04 of 3rd period - Icing by Brayden McNabb.
2:05 of 3rd period - Jay Beagle wins face-off versus Ryan Johansen in ST.LOUIS zone.
2:32 of 3rd period - Shot by Patrick Kane.
2:32 of 3rd period - Stopped by Carter Hutton with a rebound.
2:47 of 3rd period - Jay Beagle is hit by Brenden Dillon and loses puck.
3:16 of 3rd period - Shot by Darnell Nurse.
3:16 of 3rd period - Stopped by Connor Hellebuyck without a rebound.
3:17 of 3rd period - Carl Soderberg wins face-off versus Sidney Crosby in WINNIPEG zone.
3:17 of 3rd period - Brett Connolly is hit by Justin Braun and loses puck.
3:22 of 3rd period - Shot by Carl Soderberg.
3:22 of 3rd period - Shot Misses the Net.
3:58 of 3rd period - Justin Braun is hit by Brett Connolly and loses puck.
4:16 of 3rd period - Icing by Darnell Nurse.
4:17 of 3rd period - Jay Beagle wins face-off versus Ryan Getzlaf in ST.LOUIS zone.
4:24 of 3rd period - Shot by Jay Beagle.
4:24 of 3rd period - Stopped by Carter Hutton without a rebound.
4:25 of 3rd period - Jay Beagle wins face-off versus Brett Howden in ST.LOUIS zone.
4:52 of 3rd period - Shot by Patrick Kane.
4:52 of 3rd period - Shot Blocked by Andy Greene.
4:54 of 3rd period - Shot by Patrick Kane.
4:54 of 3rd period - Goal by Patrick Kane - ST.LOUIS : 2 - WINNIPEG : 2.
4:55 of 3rd period - Nic Dowd wins face-off versus Ryan Getzlaf in neutral zone.
5:22 of 3rd period - Shot by Ryan Getzlaf.
5:22 of 3rd period - Shot Misses the Net.
5:24 of 3rd period - Shot by Ryan Getzlaf.
5:24 of 3rd period - Shot Misses the Net.
6:17 of 3rd period - Shot by Joonas Donskoi.
6:17 of 3rd period - Stopped by Connor Hellebuyck with a rebound.
8:13 of 3rd period - J.T. Miller is hit by Neal Pionk and loses puck.
9:58 of 3rd period - Shot by Alex Ovechkin.
9:58 of 3rd period - Stopped by Carter Hutton without a rebound.
9:59 of 3rd period - Sidney Crosby wins face-off versus Brett Howden in ST.LOUIS zone.
10:02 of 3rd period - Shot by J.T. Miller.
10:02 of 3rd period - Shot Misses the Net.
10:56 of 3rd period - Chris Tanev is hit by Kevin Labanc.
11:35 of 3rd period - Shot by Tyler Motte.
11:35 of 3rd period - Deflect By Nic Dowd.
11:35 of 3rd period - Stopped by Carter Hutton with a rebound.
11:45 of 3rd period - Shot by Joonas Donskoi.
11:45 of 3rd period - Deflect By Carl Soderberg.
11:45 of 3rd period - Stopped by Connor Hellebuyck without a rebound.
11:46 of 3rd period - Jay Beagle wins face-off versus Ryan Getzlaf in WINNIPEG zone.
11:46 of 3rd period - Jay Beagle is hit by Ryan Getzlaf.
13:02 of 3rd period - Shot by Ryan Johansen.
13:02 of 3rd period - Stopped by Connor Hellebuyck without a rebound.
13:02 of 3rd period - Minor Penalty to Alexander Edler for Goalie Interference.
13:03 of 3rd period - Jay Beagle wins face-off versus Ryan Johansen in WINNIPEG zone.
13:03 of 3rd period - Chris Tanev is hit by Jaden Schwartz and loses puck.
14:06 of 3rd period - Shot by Johnny Gaudreau.
14:06 of 3rd period - Stopped by Connor Hellebuyck without a rebound.
14:07 of 3rd period - Ryan Johansen wins face-off versus Antoine Roussel in WINNIPEG zone.
15:26 of 3rd period - Shot by Brett Connolly.
15:26 of 3rd period - Shot Misses the Net.
15:28 of 3rd period - Shot by Adam Fox.
15:28 of 3rd period - Shot Misses the Net.
15:38 of 3rd period - Shot by Joonas Donskoi.
15:38 of 3rd period - Deflect By Brett Connolly.
15:38 of 3rd period - Shot Blocked by Alex Ovechkin.
15:40 of 3rd period - Shot by Carl Soderberg.
15:40 of 3rd period - Stopped by Connor Hellebuyck with a rebound.
16:49 of 3rd period - Off-side.
16:50 of 3rd period - Nic Dowd wins face-off versus Joonas Donskoi in neutral zone.
17:13 of 3rd period - Shot by Nic Dowd.
17:13 of 3rd period - Shot Blocked by Darnell Nurse.
18:01 of 3rd period - Shot by Tyler Toffoli.
18:01 of 3rd period - Shot Misses the Net.
18:03 of 3rd period - Shot by Chris Tanev.
18:03 of 3rd period - Goal by Chris Tanev - ST.LOUIS : 2 - WINNIPEG : 3.
18:04 of 3rd period - Ryan Johansen wins face-off versus Jay Beagle in neutral zone.
19:06 of 3rd period - Shot by J.T. Miller.
19:06 of 3rd period - Stopped by Carter Hutton with a rebound.
19:08 of 3rd period - Shot by Olli Maatta.
19:08 of 3rd period - Shot Blocked by Ryan Johansen.
19:10 of 3rd period - Shot by Alexander Edler.
19:10 of 3rd period - Stopped by Carter Hutton without a rebound.
19:11 of 3rd period - Ryan Getzlaf wins face-off versus Jay Beagle in ST.LOUIS zone.
19:16 of 3rd period - ST.LOUIS, Carter Hutton is pulled from the net.
19:33 of 3rd period - Shot by Johnny Gaudreau.
19:33 of 3rd period - Deflect By Ryan Getzlaf.
19:33 of 3rd period - Stopped by Connor Hellebuyck without a rebound.
19:34 of 3rd period - Ryan Getzlaf wins face-off versus Drew O'Connor in WINNIPEG zone.
19:39 of 3rd period - Shot by Ryan Getzlaf.
19:39 of 3rd period - Shot Blocked by Oscar Fantenberg.
19:48 of 3rd period - Shot by Ryan Getzlaf.
19:48 of 3rd period - Stopped by Connor Hellebuyck without a rebound.
19:49 of 3rd period - Jay Beagle wins face-off versus James Neal in WINNIPEG zone.
Goals for this period are 0 for ST.LOUIS vs 2 for WINNIPEG.
Shots for this period are 8 for ST.LOUIS vs 10 for WINNIPEG.